 Dungeon Crawl Stone Soup version 0.19.1 (webtiles) character file.

557 Idleism the Destroyer (level 7, 0/46 HPs)
             Began as a Human Conjurer on Dec 3, 2016.
             Was an Initiate of Vehumet.
             Succumbed to an orc wizard's poison
             ... on level 5 of the Dungeon on Dec 4, 2016.
             The game lasted 00:17:58 (4075 turns).

Idleism the Destroyer (Human Conjurer)              Turns: 4075, Time: 00:17:59

Health: 0/46       AC:  3    Str: 12    XL:     7   Next: 56%
Magic:  11/11      EV: 18    Int: 17    God:    Vehumet [......]
Gold:   194        SH:  0    Dex: 19    Spells: 3 memorised, 5 levels left

rFire  . . .     SeeInvis .     n - +0 dagger (venom)
rCold  . . .     Gourm    .     a - +0 robe
rNeg   . . .     Faith    .     (no shield)
rPois  .         Spirit   .     (no helmet)
rElec  .         Reflect  .     d - +0 cloak
rCorr  .         Harm     .     (no gloves)
MR     .....                    (no boots)
Stlth  +++.......               (no amulet)
                                v - +4 ring of strength
                                B - ring of flight

@: agile, lethally poisoned (0 -> -4)
A: no striking features
a: Renounce Religion, Evoke Flight


You were on level 5 of the Dungeon.
You worshipped Vehumet.
Vehumet was noncommittal.
You were not hungry.

You visited 2 branches of the dungeon, and saw 6 of its levels.

You collected 194 gold pieces.

Inventory:

Hand Weapons
 n - a +0 dagger of venom (weapon)
Armour
 a - a +0 robe (worn)
 d - a +0 cloak (worn)
Jewellery
 v - a +4 ring of strength (right hand)
 w - an uncursed ring of positive energy
 x - an uncursed ring of protection from fire
 B - a ring of flight (left hand)
Scrolls
 l - 5 scrolls of identify {unknown}
 o - 2 scrolls of remove curse {unknown}
 p - 2 scrolls of enchant weapon {unknown}
 s - 3 scrolls of magic mapping {unknown}
 t - a scroll of immolation {unknown}
 u - a scroll of enchant armour {unknown}
 y - 3 scrolls of teleportation {unknown}
Potions
 e - a potion of berserk rage {unknown}
 g - a potion of haste {unknown}
 i - a potion of might {unknown}
 j - a potion of mutation {unknown}
 k - 2 potions of magic
 m - 2 potions of agility
 q - a potion of beneficial mutation {unknown}
 r - a potion of curing {unknown}
 z - a potion of lignification {unknown}
 C - a potion of cancellation {unknown}
Books
 b - a book of Conjurations

   Spells                             Type                      Level
   a - Magic Dart                     Conjuration                  1
   b - Searing Ray                    Conjuration                  2
   c - Dazzling Spray                 Conjuration/Hexes            3
   d - Fulminant Prism                Conjuration/Hexes            4
   e - Iskenderun's Mystic Blast      Conjuration                  4
   f - Iskenderun's Battlesphere      Conjuration/Charms           5
Comestibles
 c - 3 bread rations
 f - 5 beef jerkies
 h - 6 fruits
 A - a meat ration


   Skills:
 - Level 2.0 Dodging
 - Level 2.0 Stealth
 - Level 3.0 Spellcasting
 + Level 8.2 Conjurations


You had 5 spell levels left.
You knew the following spells:

 Your Spells              Type           Power        Failure   Level  Hunger
a - Magic Dart            Conj           ####         1%          1    None
b - Searing Ray           Conj           ####..       1%          2    ##.....
c - Iskenderun's Mystic   Conj           ####....     8%          4    ####...


Dungeon Overview and Level Annotations

Branches:
Dungeon (5/15)             Temple (1/1) D:4

Altars:
Ashenzari
Cheibriados
Dithmenos
Elyvilon
Fedhas
Gozag
Hepliaklqana
Kikubaaqudgha
Makhleb
Nemelex Xobeh
Okawaru
Qazlal
Ru
Sif Muna
Trog
Uskayaw
Vehumet
Xom
Yredelemnul
Zin
The Shining One

Annotations:
D:3 feelmyfire's ghost, amateur MiMo


Message History

The searing ray hits the orc wizard.
The orc wizard mumbles some strange words.
The orc wizard seems to speed up.
The searing ray hits the orc wizard.
The orc wizard is heavily wounded.
Without enough magic to sustain it, your searing ray dissipates.
The orc wizard hits you with a dagger of venom.
* * * LOW HITPOINT WARNING * * *
You completely miss the orc wizard.
The orc wizard is heavily wounded.
The orc wizard hits you with a dagger of venom.
* * * LOW HITPOINT WARNING * * *
You are lethally poisoned!
It was a potion of magic.
Magic courses through your body.
* * * LOW HITPOINT WARNING * * *
You feel sick. The orc wizard barely misses you.
The orc wizard hits you but does no damage.
It was a potion of agility.
You feel agile all of a sudden.
You die...

## #.#.##...)...##.##.#
#.# ##........#..#.... .
#.###.####.......#......
#..#..# #.##.#.##.###.#
#.....# #......##. .#
###.#########.####. #
#.....# ###.### #####.#
#.....# #@# #.....# #o#
#.....# #)# #.....# #.#
#.....# ##.# #######
#..# #.## #.. #...


You could see an orc wizard.

Vanquished Creatures
  A sky beast (D:5)
  An ogre (D:5)
  A scorpion (D:4)
  A centaur zombie (D:5)
  2 orc priests (D:5)
  An orc wizard (D:3)
  2 worker ants (D:4)
  A hound skeleton (D:4)
  8 adders
  An ooze (D:2)
  An adder skeleton (D:5)
  3 worms
  A dart slug (D:1)
  9 orcs
  5 bats
  4 giant cockroaches
  8 goblins
  4 hobgoblins
  4 jackals (D:4)
  2 quokkas
  A ball python (D:3)
  A ball python skeleton (D:5)
  3 frilled lizards
  9 kobolds
  5 rats
79 creatures vanquished.

Notes
Turn   | Place    | Note
-------+----------+-------------------------------------------
     0 | D:1      | Idleism the Human Conjurer began the quest for the Orb.
     0 | D:1      | Reached XP level 1. HP: 13/13 MP: 3/3
   296 | D:1      | Reached XP level 2. HP: 14/19 MP: 0/5
   300 | D:1      | Learned a level 2 spell: Searing Ray
   990 | D:2      | Reached XP level 3. HP: 24/24 MP: 0/6
  1056 | D:2      | Reached skill level 5 in Conjurations
  1227 | D:2      | Reached XP level 4. HP: 17/30 MP: 2/8
  1921 | D:3      | Found a sacrificial altar of Ru.
  2046 | D:3      | Reached XP level 5. HP: 32/35 MP: 1/9
  2348 | D:3      | Noticed feelmyfire's ghost (amateur MiMo)
  2377 | D:4      | Reached skill level 6 in Conjurations
  2383 | D:4      | Learned a level 4 spell: Iskenderun's Mystic Blast
  2504 | D:4      | Reached XP level 6. HP: 40/41 MP: 8/10
  3388 | D:4      | Found a staircase to the Ecumenical Temple.
  3413 | Temple   | Entered the Ecumenical Temple
  3433 | Temple   | Became a worshipper of Vehumet
  3743 | D:5      | Entered Level 5 of the Dungeon
  3746 | D:5      | Reached skill level 7 in Conjurations
  3780 | D:5      | Noticed an ogre
  3920 | D:5      | Killed an ogre
  3920 | D:5      | Reached XP level 7. HP: 46/46 MP: 3/11
  4068 | D:5      | Reached skill level 8 in Conjurations
  4073 | D:5      | HP: 2/46 [orc wizard/dagger of venom (5)]
  4075 | D:5      | Succumbed to an orc wizard's poison

Skill      XL: |  1  2  3  4  5  6  7 |
---------------+----------------------+-----
Conjurations   | 5 6 7 8 |  8.2
Spellcasting   | 3 |  3.0
Dodging        | |  2.0
Stealth        | |  2.0

Action                   |  1- 3 |  4- 6 |  7- 9 || total
-------------------------+-------+-------+-------++-------
Melee: Short sword       |    11 |       |       ||    11
       Dagger            |    21 |    87 |    11 ||   119
 Cast: Magic Dart        |    17 |    61 |     5 ||    83
       Searing Ray       |     4 |     9 |     2 ||    15
  Use: Potion            |       |       |     2 ||     2
 Stab: Sleeping          |     1 |     3 |       ||     4
  Eat: Chunk             |     1 |    10 |       ||    11
Armor: Robe              |     9 |    15 |     5 ||    29
Dodge: Dodged            |    26 |    75 |     5 ||   106
